 Dungeon Crawl Stone Soup version 0.17.1-3-g152610e (webtiles) character file.

92 Gargoyl the Skirmisher (level 4, -2/40 HPs)
             Began as a Demonspawn Abyssal Knight on Mar 20, 2016.
             Was a Believer of Lugonu.
             Killed from afar by an orc wizard (5 damage)
             ... with a puff of frost
             ... on level 3 of the Dungeon.
             The game lasted 00:06:26 (2690 turns).

Gargoyl the Skirmisher (Demonspawn Abyssal Knight)  Turns: 2690, Time: 00:06:27

Health: -2/40      AC:  3    Str: 14    XL:     4   Next: 35%
Magic:  6/6        EV: 12    Int: 13    God:    Lugonu [**....]
Gold:   75         SH:  0    Dex: 17    Spells: 0 memorised, 3 levels left

rFire  . . .     SeeInvis .     a - +1 hand axe
rCold  + . .     Clarity  .     b - +0 leather armour
rNeg   . . .     SustAt   .     (no shield)
rPois  +         Gourm    .     (no helmet)
rElec  .         Spirit   .     (no cloak)
rCorr  .         Warding  .     (no gloves)
rMut   .         Stasis   .     (no boots)
MR     .....                    (no amulet)
Stlth  +.........               (no ring)
                                j - +5 ring of dexterity

@: lethally poisoned (-2 -> -10), very slightly contaminated, not resistant to
hostile enchantments, very unstealthy
A: claws 2, cold resistance 1, poison resistance, robust 1
a: Depart the Abyss, Bend Space, Renounce Religion


You were on level 3 of the Dungeon.
You worshipped Lugonu.
Lugonu was pleased with you.
You were not hungry.

You visited 1 branch of the dungeon, and saw 3 of its levels.
You visited the Abyss 1 time.

You collected 75 gold pieces.

Inventory:

Hand Weapons
 a - a +1 hand axe (weapon)
Missiles
 f - 8 tomahawks (quivered)
Armour
 b - a +0 leather armour (worn)
Jewellery
 j - a +5 ring of dexterity (left claw)
Scrolls
 d - a scroll of remove curse {unknown}
 e - 3 scrolls of blinking
 i - 5 scrolls of magic mapping
Comestibles
 c - a bread ration
 k - a beef jerky


   Skills:
 + Level 4.0 Fighting
 + Level 2.2 Axes
 + Level 2.3 Armour
 + Level 1.6 Dodging
 + Level 0.2 Stealth
 + Level 2.9 Invocations


You had 3 spell levels left.
You didn't know any spells.

Dungeon Overview and Level Annotations

Branches:
Dungeon (3/15)

Altars:
Ashenzari
Yredelemnul


Innate Abilities, Weirdness & Mutations

You have very sharp fingernails.
Your flesh is cold resistant.
Your system is resistant to poisons.
You are robust (+10% HP).


Message History

Drink which item? (? for menu, Esc to quit)
It was a potion of mutation.
You feel extremely strange.
You feel resistant to poisons.
Your fingernails sharpen.
You feel robust.
You feel sick. Something hits you.
* * * LOW HITPOINT WARNING * * *
The orc hits you with a club.
* * * LOW HITPOINT WARNING * * *
You hear some strange, mumbled words.
A magic dart appears from out of thin air!
The magic dart hits you!
* * * LOW HITPOINT WARNING * * *
The orc misses you. The orc barely misses you.
Drink which item? (? for menu, Esc to quit)
It was a potion of poison.
You feel slightly nauseous.
* * * LOW HITPOINT WARNING * * *
You feel sick.
You hear some strange, mumbled words.
A puff of frost appears from out of thin air!
The puff of frost hits you! You resist.
You die...

,* *,,**,* *,****,,****,*
,*****,,,,,******##.# **,****,**
,,,,,,,,,,,,,,,,..%.# #,#..,,,,
******,,,>******#...# #.#.#****
******,*,*####* #...# *.#.# *
,,,,,,,*,##...#*#...# *,..# *
*********#.....##...# **#.# *
*.....o.#...# #.#####
*..._..o@...#######...<..
*.....o{#..............##
*********#.....##.#.#########..##
,,,,,,,,,##...#*#.#...,..........
**********####*,#.######.####.###
* *,#.# **,***#.#** *
**,#.#****,,,,,...,, *
********<,...,,,,,,**##.#** **
*,,,,,,,,,..#****,,,**#.#


You could see 3 orcs.

Vanquished Creatures
  3 adders
  An ooze (D:1)
  4 giant geckos
  An orc (D:3)
  8 bats
  3 giant cockroaches
  7 goblins
  9 hobgoblins
  A quokka (D:2)
  5 giant newts
  8 kobolds
  6 rats
56 creatures vanquished.

Notes
Turn   | Place    | Note
--------------------------------------------------------------
     0 | Abyss:1  | Gargoyl the Demonspawn Abyssal Knight began the quest for the Orb.
     0 | Abyss:1  | Reached XP level 1. HP: 18/18 MP: 2/2
    12 | Abyss:1  | Found a viscous altar of Jiyva.
    83 | Abyss:1  | Found a corrupted altar of Lugonu.
    86 | Abyss:1  | Noticed a ynoxinul
    88 | Abyss:1  | Noticed a thrashing horror
    89 | D:1      | Escaped the Abyss
   283 | D:1      | Reached * piety under Lugonu
   283 | D:1      | Gained mutation: You have sharp fingernails. [demonic ancestry]
   283 | D:1      | Reached XP level 2. HP: 20/24 MP: 4/4
   438 | D:1      | HP: 1/24 [hobgoblin/club (1)]
   955 | D:1      | Gained mutation: Your flesh is cold resistant. [demonic ancestry]
   955 | D:1      | Reached XP level 3. HP: 20/30 MP: 5/5
  1152 | D:2      | Reached skill level 1 in Dodging
  1551 | D:2      | Found a faded altar to an unknown god.
  1601 | D:2      | Reached ** piety under Lugonu
  1706 | D:2      | Found a shattered altar of Ashenzari.
  2122 | D:2      | Reached skill level 4 in Fighting
  2122 | D:2      | Reached XP level 4. HP: 30/37 MP: 6/6
  2679 | D:3      | Found a basalt altar of Yredelemnul.
  2689 | D:3      | Gained mutation: Your system is resistant to poisons. [potion of mutation]
  2689 | D:3      | Gained mutation: You have very sharp fingernails. [potion of mutation]
  2689 | D:3      | Gained mutation: You are robust (+10% HP). [potion of mutation]
  2690 | D:3      | Killed from afar by an orc wizard

Action                   |  1- 3 |  4- 6 || total
-------------------------+-------+-------++-------
Melee: Hand axe          |   158 |    38 ||   196
Invok: Depart the Abyss  |     1 |       ||     1
  Use: Potion            |     2 |     2 ||     4
       Scroll            |       |     4 ||     4
  Eat: Chunk             |     4 |     2 ||     6
